 Dungeon Crawl Stone Soup version 0.30.1-3-gfc49f6343a (webtiles) character file.

Game seed: 16879974863219053148

154 spardeous the Conjurer (level 4, 0/27 (33) HPs)
             Began as a Demigod Conjurer on Aug 10, 2023.
             Slain by Edmund
             ... wielding a +4 flail of draining
              (2 damage)
             ... on level 4 of the Dungeon.
             The game lasted 00:02:26 (3034 turns).

spardeous the Conjurer (Demigod Conjurer)           Turns: 3034, Time: 00:02:27

HP:   0/27 (33)     AC:  6    Str:  8    XL:     4   Next: 89%
MP:   2/9           EV: 10    Int: 30    God:
Gold: 232           SH:  0    Dex: 12    Spells: 3/6 levels left

rFire   . . .        p - +2 short sword (holy)
rCold   . . .        (no shield)
rNeg    . . .        f - +0 ring mail
rPois   .            (no helmet)
rElec   .            e - +0 cloak
rCorr   .            (no gloves)
SInv    .            (no boots)
Will    .....        (no amulet)
Stlth   +            r - +6 ring of intelligence
HPRegen 0.24/turn    (no ring)
MPRegen 0.11/turn

%: no passive effects
@: heavily drained
A: high MP 1, forlorn, divine attributes
a: no special abilities


You were on level 4 of the Dungeon.
You visited 1 branch of the dungeon, and saw 4 of its levels.

You collected 232 gold pieces.

Inventory:

Hand Weapons
 p - a +2 short sword of holy wrath (weapon)
Armour
 a - a +0 robe
 e - a +0 cloak (worn)
 f - a +0 ring mail (worn)
Jewellery
 r - a +6 ring of intelligence (left hand)
Scrolls
 d - 3 scrolls of noise {unknown}
 h - a scroll of enchant armour {unknown}
 i - 4 scrolls of identify {unknown}
 j - a scroll of amnesia {unknown}
 l - a scroll of butterflies {unknown}
 n - 3 scrolls of teleportation {unknown}
 o - a scroll of enchant weapon {unknown}
 s - a scroll of immolation {unknown}
Potions
 b - a potion of magic
 c - a potion of haste {unknown}
 g - 2 potions of ambrosia {unknown}
 k - a potion of attraction {unknown}
 m - a potion of lignification {unknown}
 q - 2 potions of curing {unknown}
 t - a potion of heal wounds {unknown}
 u - a potion of flight {unknown}
 v - 2 potions of brilliance {unknown}


   Skills:
 - Level 1.7 Dodging
 - Level 1.7 Stealth
 - Level 1.7 Spellcasting
 + Level 5.9 Conjurations


You had 3 spell levels left.
You knew the following spells:

 Your Spells              Type           Power      Damage    Failure   Level
a - Magic Dart            Conj           100%       1d8       2%          1
b - Searing Ray           Conj           76%        2d7       3%          2

Your spell library contained the following spells:

 Spells                   Type           Power      Damage    Failure   Level
 Dazzling Flash           Conj/Hex       40%        N/A       22%         3
 Apportation              Tloc           4%         N/A       26%         1
 Necrotise                Necr           8%         1d4       26%         1
 Sting                    Tmut/Pois      8%         1d3       26%         1
 Summon Small Mammal      Summ           8%         N/A       26%         1
 Poisonous Vapours        Pois/Air       4%         N/A       36%         2
 Fulminant Prism          Conj/Hex       10%        3d8       58%         4
 Iskenderun's Mystic Bla  Conj/Tloc      20%        2d6       58%         4
 Olgreb's Toxic Radiance  Pois           2%         N/A       94%         4
 Agony                    Necr           2%         N/A       100%        5
 Silence                  Hex/Air        1%         N/A       100%        5


Dungeon Overview and Level Annotations

Branches:
Dungeon (4/15)
 Temple: D:4-7

Annotations:
D:4 Edmund


Innate Abilities, Weirdness & Mutations

You have an increased reservoir of magic. (+10% MP)
You shall have no god before yourself.
Your divine heritage dramatically boosts your attributes as you level up.


Message History

Confirm with . or Enter, or press ? or * to list all spells.
Aiming: Searing Ray (safe; 3% risk of failure)
Press: ? - help, Shift-Dir - straight line, f - Edmund
Aim: Edmund, wielding a +4 flail of draining and wearing a +2 leather armour of cold resistance (81% to hit)
The searing ray hits Edmund!
Edmund is moderately wounded. (Press . to maintain the ray.) Edmund hits you with a +4 flail of draining!
You feel drained.
You take 12 damage, and have 14/29 hp.
MASSIVE DAMAGE!!
You now have 7/9 mp.
The searing ray hits Edmund.
Edmund is moderately wounded.
Edmund hits you with a +4 flail of draining!
* * * LOW HITPOINT WARNING * * *
You feel drained.
* * * LOW HITPOINT WARNING * * *
You take 7 damage, and have 7/28 hp.
MASSIVE DAMAGE!!
You now have 6/9 mp.
Okay, then.
Okay, then.
The searing ray hits Edmund.
Edmund is moderately wounded.
Edmund closely misses you.
You now have 5/9 mp.
The searing ray hits Edmund.
Edmund is moderately wounded.
You finish channelling your searing ray.
Edmund closely misses you.
You now have 4/9 mp.
Casting: Searing Ray (safe; 3% risk of failure)
Confirm with . or Enter, or press ? or * to list all spells.
Aiming: Searing Ray (safe; 3% risk of failure)
Press: ? - help, Shift-Dir - straight line, f/p - Edmund
Aim: Edmund, wielding a +4 flail of draining and wearing a +2 leather armour of cold resistance (moderately wounded, 81% to hit)
The searing ray hits Edmund.
Edmund is heavily wounded. (Press . to maintain the ray.) Edmund hits you with a +4 flail of draining.
* * * LOW HITPOINT WARNING * * *
You feel drained.
You die...

# # .##. .#
.....####.###P.
..#.$.)<.......
.......@@..###.
..#..#.....#
.>.............
.....#.....#.#.
#.##.#.....# ..
# # ###.#.# .
#... #.##


You could see Edmund.

Vanquished Creatures
  An orc wizard (D:3)
  3 gnolls (D:2)
  3 adders
  3 dart slugs
  4 orcs
  9 bats
  6 endoplasms
  A giant cockroach (D:1)
  6 goblins
  6 hobgoblins
  8 jackals (D:1)
  3 ball pythons
  2 frilled lizards
  2 kobolds (D:1)
  4 rats
61 creatures vanquished.

Notes
Turn   | Place    | Note
-------+----------+-------------------------------------------
     0 | D:1      | spardeous the Demigod Conjurer began the quest for the Orb.
     0 | D:1      | Reached XP level 1. HP: 14/14 MP: 5/5
   194 | D:1      | Reached skill level 4 in Conjurations
   310 | D:1      | Reached XP level 2. HP: 20/20 MP: 4/7
   959 | D:1      | Reached XP level 3. HP: 26/26 MP: 4/8
  1066 | D:1      | You fall into a shaft and drop 1 floor!
  1083 | D:2      | Learned a level 2 spell: Searing Ray
  1247 | D:2      | Reached skill level 5 in Conjurations
  1576 | D:2      | Reached XP level 4. HP: 33/33 MP: 5/9
  2976 | D:4      | Noticed Edmund
  3034 | D:4      | Slain by Edmund

Illustrated notes

Levels and vault maps discovered:
D:1:      dpeg_arrival_stonehenge_8_columns, layout_basic
D:2:      layout_rooms, nicolae_grassy_gnolls
D:3:      layout_loops_ring
D:4:      layout_loops_ring, minmay_temple_entry_gardened_gates, uniq_edmund,
          uniq_duvessa

Skill      XL: |  1  2  3 |
---------------+----------+-----
Conjurations   | 4 5 |  5.9
Dodging        | |  1.7
Stealth        | |  1.7
Spellcasting   | |  1.7

Action                     |  1- 3 |  4- 6 || total
---------------------------+-------+-------++-------
  Melee: Unarmed           |    10 |       ||    10
         Punch             |     1 |       ||     1
         Short sword       |       |     8 ||     8
   Cast: Magic Dart        |    94 |    31 ||   125
         Searing Ray       |       |     3 ||     3
 Armour: Ring mail         |    23 |     3 ||    26
  Dodge: Dodged            |    27 |     8 ||    35
